 Dungeon Crawl Stone Soup version 0.18.1-48-g4cf74bf (webtiles) character file.

435 sudo the Slasher (level 6, -2/38 HPs)
             Began as a High Elf Fighter on June 29, 2016.
             Was an Initiate of Nemelex Xobeh.
             Slain by a naga (3 damage)
             ... on level 8 of the Dungeon.
             The game lasted 00:03:48 (2246 turns).

sudo the Slasher (High Elf Fighter)                 Turns: 2246, Time: 00:03:49

Health: -2/38      AC: 11    Str: 22    XL:     6   Next: 68%
Magic:  8/8        EV: 12    Int:  7    God:    Nemelex Xobeh [......]
Gold:   103        SH: 10    Dex: 21    Spells: 0 memorised, 5 levels left

rFire  . . .     SeeInvis .     a - +0 long sword
rCold  . . .     Gourm    .     b - +0 scale mail
rNeg   . . .     Faith    .     c - +0 shield
rPois  x         Spirit   .     i - +0 helmet
rElec  .         Dismiss  .     (no cloak)
rCorr  .         Reflect  .     k - +2 pair of gloves
SustAt .         Harm     .     (no boots)
MR     .....                    (no amulet)
Stlth  +.........               (no ring)
                                (no ring)

@: mighty, agile, poison vulnerable, constricted, not resistant to hostile
enchantments, very unstealthy
A: dopey 2, frail 1
a: Renounce Religion


You were on level 8 of the Dungeon.
You worshipped Nemelex Xobeh.
Nemelex Xobeh was noncommittal.
You were not hungry.

You visited 1 branch of the dungeon, and saw 5 of its levels.

You collected 103 gold pieces.

Inventory:

Hand Weapons
 a - a +0 long sword (weapon)
Armour
 b - a +0 scale mail (worn)
 c - a +0 shield (worn)
 i - a +0 helmet (worn)
 k - a +2 pair of gloves (worn)
 o - a +0 plate armour
Wands
 p - a wand of flame (18/48)
 s - a wand of enslavement (0/24)
Scrolls
 d - a scroll of enchant armour
 j - a scroll of identify
Potions
 m - a potion of might
Comestibles
 f - a bread ration
 g - 2 fruits


   Skills:
 + Level 4.1 Fighting
 * Level 5.0 Long Blades
 + Level 3.7 Armour
 + Level 3.5 Dodging
 - Level 2.6 Shields
 * Level 1.9 Evocations


You had 5 spell levels left.
You didn't know any spells.

Dungeon Overview and Level Annotations

Branches:
Dungeon (5/15)
 Temple: D:4-7

Altars:
Makhleb
Nemelex Xobeh


Innate Abilities, Weirdness & Mutations

You are very dopey. (Int -4)
You are frail (-10% HP).


Message History

The naga is heavily wounded.
The giant cockroach bites you but does no damage.
You block the centaur skeleton's attack.
You block the giant cockroach's attack.
Unknown command.
Unknown command.
You hit the naga.
The naga is severely wounded.
You feel less woody.
Your +0 helmet unmelds from your body.
Your +2 pair of gloves unmelds from your body.
Your +0 scale mail unmelds from your body.
The centaur skeleton closely misses you.
The naga hits you but does no damage. The naga grabs you.
* * * LOW HITPOINT WARNING * * *
The naga constricts you. You block the giant cockroach's attack.
The centaur skeleton closely misses you.
You block the naga's attack.
You die...
Your body disappears without a glow.

############
#...........
#.........>.
#...........
#.......?...
#..†........
#.†Z@(......
##†Ns####+##
#.))# .))=..
)....).
)[)...)..#
...##.).##
.>. #.))#


You could see a naga, a giant cockroach and a centaur skeleton.

Vanquished Creatures
  A centaur (D:5)
  A killer bee (D:8)
  A howler monkey (D:8)
  2 orc wizards (D:5)
  2 worker ants (D:5)
  A hound zombie (D:5)
  A howler monkey zombie (D:5)
  A worker ant zombie (D:8)
  4 gnolls (D:2)
  2 adders
  2 worms
  5 dart slugs
  2 giant geckos
  8 orcs
  A giant cockroach (D:1)
  5 goblins
  4 hobgoblins
  A jackal (D:8)
  4 kobolds
  3 quokkas
  5 bats
  6 rats
62 creatures vanquished.

Vanquished Creatures (collateral kills)
  An orc (D:8)
1 creature vanquished.

Vanquished Creatures (others)
  A dart slug (D:8)
  A ball python (D:8)
2 creatures vanquished.

Grand Total: 65 creatures vanquished

Notes
Turn   | Place    | Note
--------------------------------------------------------------
     0 | D:1      | sudo the High Elf Fighter began the quest for the Orb.
     0 | D:1      | Reached XP level 1. HP: 16/16 MP: 2/2
   375 | D:1      | Reached XP level 2. HP: 21/21 MP: 3/3
   961 | D:2      | Reached XP level 3. HP: 23/26 MP: 4/4
  1026 | D:2      | Reached skill level 3 in Long Blades
  1026 | D:2      | Reached XP level 4. HP: 33/33 MP: 5/5
  1099 | D:2      | Found a sparkling altar of Nemelex Xobeh.
  1227 | D:2      | Became a worshipper of Nemelex Xobeh the Trickster
  1242 | D:2      | Received a gift from Nemelex Xobeh
  1292 | D:2      | Reached skill level 1 in Dodging
  1708 | D:3      | You fall through a shaft for 2 floors!
  1708 | D:5      | Entered Level 5 of the Dungeon
  1708 | D:5      | Found a burning altar of Makhleb.
  1759 | D:5      | Reached XP level 5. HP: 24/37 MP: 6/6
  1971 | D:5      | Reached skill level 1 in Evocations
  2014 | D:5      | Noticed a centaur
  2024 | D:5      | Killed a centaur
  2024 | D:5      | Reached skill level 4 in Long Blades
  2024 | D:5      | Reached XP level 6. HP: 16/43 MP: 6/8
  2185 | D:5      | You fall through a shaft for 3 floors!
  2199 | D:8      | Noticed a water moccasin
  2217 | D:8      | Noticed Grum
  2219 | D:8      | Noticed an orc warrior
  2222 | D:8      | Noticed a steam dragon
  2222 | D:8      | a wolf changed into a steam dragon
  2222 | D:8      | Noticed Grum
  2222 | D:8      | Grum changed into Grum the iguana
  2222 | D:8      | Noticed a swamp drake
  2222 | D:8      | an orc warrior changed into a swamp drake
  2224 | D:8      | HP: 3/64 [steam dragon[Grum] (4)]
  2227 | D:8      | a steam dragon changed into an adder
  2227 | D:8      | Noticed Grum
  2227 | D:8      | Grum the iguana changed into Grum the jackal
  2227 | D:8      | a swamp drake changed into a jelly
  2229 | D:8      | Reached skill level 5 in Long Blades
  2230 | D:8      | Noticed a water moccasin
  2230 | D:8      | Noticed Grum
  2230 | D:8      | Grum the jackal changed into Grum the dart slug
  2230 | D:8      | Noticed a naga
  2230 | D:8      | a water moccasin changed into a naga
  2231 | D:8      | Gained mutation: You are dopey. (Int -2) [potion of mutation]
  2231 | D:8      | Gained mutation: You are frail (-10% HP). [potion of mutation]
  2231 | D:8      | Gained mutation: You are very dopey. (Int -4) [potion of mutation]
  2234 | D:8      | Noticed Grum
  2234 | D:8      | Grum the dart slug changed into Grum the orc
  2235 | D:8      | Killed Grum the orc
  2246 | D:8      | HP: 1/38 [naga (3)]
  2246 | D:8      | Slain by a naga

Skill      XL: |  1  2  3  4  5  6 |
---------------+-------------------+-----
Armour         | 3 |  3.7
Long Blades    | 3 4 5 |  5.0
Dodging        | 2 3 |  3.5
Fighting       | 4 |  4.1
Evocations     | 1 |  1.9
Shields        | |  2.6

Action                   |  1- 3 |  4- 6 || total
-------------------------+-------+-------++-------
Melee: Long sword        |    85 |   164 ||   249
Evoke: Deck              |       |    10 ||    10
       Wand              |       |     4 ||     4
  Use: Potion            |     3 |     5 ||     8
       Scroll            |       |     4 ||     4
  Eat: Chunk             |       |     2 ||     2
       Fruit             |       |     1 ||     1
       Bread ration      |       |     1 ||     1
Armor: Scale mail        |    25 |    80 ||   105
       Skin              |       |    31 ||    31
Dodge: Dodged            |    26 |    57 ||    83
Block: Shield            |    30 |    91 ||   121
